 Dungeon Crawl Stone Soup version 0.21-a0-630-g344d351 (webtiles) character file.

252 Megalobster the Ruffian (level 5, -5/53 HPs)
             Began as a Troll Monk on Dec 25, 2017.
             Slain by a gnoll
             ... wielding a +0 spear
              (9 damage)
             ... on level 3 of the Dungeon.
             The game lasted 00:03:58 (1890 turns).

Megalobster the Ruffian (Troll Monk)                Turns: 1890, Time: 00:03:59

Health: -5/53      AC:  5    Str: 20    XL:     5   Next: 89%
Magic:  4/4        EV:  6    Int:  6    God:
Gold:   119        SH:  0    Dex: 12    Spells: 4/4 levels left

rFire    . . .     SeeInvis .     - Unarmed
rCold    . . .     Gourm    +   (no shield)
rNeg     . . .     Faith    .   a - +0 robe
rPois    .         Spirit   .   (helmet restricted)
rElec    .         Reflect  .   (no cloak)
rCorr    .         Harm     .   (gloves unavailable)
MR       .....                  (boots unavailable)
Stlth    ++........             (no amulet)
HPRegen  0.57/turn              n - ring of wizardry
MPRegen  0.09/turn              (no ring)

@: held
A: large, unfitting armour, claws 3, fast metabolism 3, gourmand, regeneration
1, shaggy fur 1, tough skin 2
a: no special abilities


You were on level 3 of the Dungeon.
You were completely stuffed.

You visited 1 branch of the dungeon, and saw 3 of its levels.

You collected 119 gold pieces.

Inventory:

Missiles
 c - 158 stones (quivered)
 r - a throwing net
Armour
 a - a +0 robe (worn)
Jewellery
 n - a ring of wizardry (left claw)
Scrolls
 d - 2 scrolls of remove curse {unknown}
 j - 2 scrolls of fog {unknown}
 k - a scroll of immolation {unknown}
 l - 2 scrolls of teleportation {unknown}
 m - 2 scrolls of enchant weapon {unknown}
 o - a scroll of fear {unknown}
 p - 2 scrolls of amnesia {unknown}
Potions
 e - a potion of ambrosia {unknown}
 f - 2 potions of degeneration {unknown}
 g - a potion of curing {unknown}
 h - 3 potions of heal wounds {unknown}
 i - a potion of invisibility {unknown}
Comestibles
 b - 5 rations
 q - 8 chunks of flesh


   Skills:
 + Level 3.4 Fighting
 + Level 3.4 Dodging
 - Level 1.0 Stealth
 * Level 5.2 Unarmed Combat


You had 4 spell levels left.
You didn't know any spells.

Dungeon Overview and Level Annotations

Branches:
Dungeon (3/15)

Altars:
Fedhas

Annotations:
D:2 exclusion: oklob plant


Innate Abilities, Weirdness & Mutations

You are too large for most types of armour.
You have claws for hands.
Your metabolism is lightning-fast.
You like to eat raw meat.
Your natural rate of healing is unusually fast.
You are covered in fur. (AC +1)
You have very tough skin. (AC +2)


Message History

You barely miss the gnoll. You claw the gnoll!
You kill the gnoll!
The gnoll barely misses you.
You scratch the gnoll.
The gnoll is lightly wounded.
The gnoll throws a throwing net.
The throwing net barely misses you. The gnoll closely misses you. x2
You claw the gnoll!
You kill the gnoll!
The gnoll throws a throwing net.
The throwing net hits you.
You become entangled in the net!
The gnoll hits you from afar with a spear.
* * * LOW HITPOINT WARNING * * *
You struggle against the net.
The gnoll hits you from afar with a spear!
* * * LOW HITPOINT WARNING * * *
You tear a large gash into the net.
The gnoll barely misses you.
The gnoll hits you from afar with a spear!
You die...

#.# #.## #.. #..
#.################
#.#...........#...
#.'...).......))..
###g#...........#...
#g)@#############'''
#.)(# ...........
##### ≈≈≈≈≈≈≈≈... ≈≈
≈≈≈≈≈≈≈≈... ≈≈≈
≈≈≈≈≈≈≈≈... P...
........... .##..
##########. ## #..
#. #.


You could see 2 gnolls.

Vanquished Creatures
  A scorpion (D:2)
  12 gnolls (D:3)
  An adder (D:2)
  An ooze (D:2)
  3 worms (D:2)
  3 dart slugs
  2 leopard geckos (D:1)
  5 bats
  3 giant cockroaches
  2 goblins
  8 hobgoblins
  4 jackals (D:3)
  2 quokkas (D:2)
  2 frilled lizards
  8 kobolds
  7 rats
64 creatures vanquished.

Vanquished Creatures (others)
  A plant (D:2)
1 creature vanquished.

Grand Total: 65 creatures vanquished

Notes
Turn   | Place    | Note
-------+----------+-------------------------------------------
     0 | D:1      | Megalobster the Troll Monk began the quest for the Orb.
     0 | D:1      | Reached XP level 1. HP: 22/22 MP: 0/0
   213 | D:1      | Reached XP level 2. HP: 29/29 MP: 1/1
   524 | D:1      | Reached XP level 3. HP: 36/36 MP: 2/2
   721 | D:2      | Found a blossoming altar of Fedhas.
   744 | D:2      | Noticed an oklob plant
   895 | D:2      | Reached skill level 4 in Unarmed Combat
   900 | D:2      | Noticed a scorpion
   910 | D:2      | Killed a scorpion
   910 | D:2      | Reached XP level 4. HP: 19/45 MP: 3/3
  1768 | D:3      | Reached XP level 5. HP: 36/53 MP: 4/4
  1832 | D:3      | Reached skill level 5 in Unarmed Combat
  1890 | D:3      | Slain by a gnoll

Vault maps used:
D:1:      dpeg_arrival_line_fractal
D:2:      serial_bayou, serial_bayou_ford_a, serial_bayou_lake_a,
          serial_bayou_shore_a, serial_bayou_pond_b, tgw_fedhas
D:3:      lemuel_castle_with_subvaults, minmay_misc_feat_iff

Skill      XL: |  1  2  3  4  5 |
---------------+----------------+-----
Unarmed Combat | 4 5 |  5.2
Fighting       | 3 |  3.4
Dodging        | 3 |  3.4
Stealth        | |  1.0

Action                   |  1- 3 |  4- 6 || total
-------------------------+-------+-------++-------
Melee: Unarmed           |    86 |    82 ||   168
       Punch             |     2 |       ||     2
  Use: Potion            |     1 |       ||     1
 Stab: Sleeping          |     5 |       ||     5
  Eat: Chunk             |    14 |     9 ||    23
Armor: Robe              |    30 |    10 ||    40
Dodge: Dodged            |    42 |    53 ||    95

Table legend:
 A = Spawn XP
 B = Non-spawn XP
 C = Spawn XP percentage of total XP
 D = Spawn monster count
 E = Non-spawn monster count
 F = Spawn count percentage of total count
 G = Total turns spent on level
                    A         B        C        D         E        F      G
               +---------+---------+-------+---------+---------+-------+---------
         Total |       0 |     361 |   0.0 |       0 |      64 |   0.0 |  1890
               +---------+---------+-------+---------+---------+-------+---------
           D:1 |       0 |      43 |   0.0 |       0 |      22 |   0.0 |   690
           D:2 |       0 |     133 |   0.0 |       0 |      24 |   0.0 |  1036
           D:3 |       0 |     185 |   0.0 |       0 |      18 |   0.0 |   164
               +---------+---------+-------+---------+---------+-------+---------
